TOP OF THE 1ST |
Williamsport Crosscutters batting - Pitching for Rome Braves : RHP Chris Hawkins
|
Pitching: RHP Chris Hawkins
|
|
Batting: RHB Xavier Castellanos
|
0-0: Called Strike 0-1: Ball 1-1: Ball 2-1: Swinging Strike 2-2: Foul Ball, location: 2F 2-2: Strikes out swinging
|
Batting: RHB Jason Ostrom
|
0-0: Ball 1-0: Ball 2-0: Called Strike 2-1: Ball 3-1: Ground out 6-3 (Groundball, 56, EV 105.0 MPH)
|
Batting: RHB John Manocchio
|
0-0: Ball 1-0: Ball 2-0: Foul Ball, location: 2F 2-1: Ball 3-1: Swinging Strike 3-2: Foul Ball, location: 2F 3-2: Foul Ball, location: 2F 3-2: Base on Balls
|
Batting: LHB Chris Moody
|
0-0: Ball 1-0: Ball 2-0: Ball 3-0: Base on Balls John Manocchio to second
|
Batting: SHB Nick Chandler
|
0-0: Ball 1-0: Called Strike 1-1: Ball 2-1: Foul Ball, location: 2F 2-2: Ball 3-2: Foul Ball, location: 2F 3-2: Strikes out swinging
|
Top of the 1st over - 0 runs, 0 hits, 0 errors, 2 left on base; Williamsport 0 - Rome 0 |
BOTTOM OF THE 1ST |
Rome Braves batting - Pitching for Williamsport Crosscutters : RHP Carlos Palacios
|
Pitching: RHP Carlos Palacios
|
|
Batting: LHB Cesar Arteaga
|
0-0: Called Strike 0-1: Foul Ball, location: 2F 0-2: Ball 1-2: Strikes out swinging
|
Batting: RHB Chris Trites
|
0-0: Ball 1-0: Ball 2-0: Called Strike 2-1: Fly out, F2 (Popup, 23F, EV 90.6 MPH)
|
Batting: RHB Tim Molchan
|
0-0: Ball 1-0: SOLO HOME RUN (Flyball, 8RXD, EV 103.8 MPH), Distance : 413 ft
|
Batting: SHB Karl Starnes
|
0-0: Called Strike 0-1: Ball 1-1: Foul Ball, location: 2F 1-2: Foul Ball, location: 2F 1-2: Strikes out swinging
|
Bottom of the 1st over - 1 run, 1 hit, 0 errors, 0 left on base; Williamsport 0 - Rome 1 |
TOP OF THE 2ND |
Williamsport Crosscutters batting - Pitching for Rome Braves : RHP Chris Hawkins
|
Batting: RHB Shintaro Katsumata
|
0-0: Called Strike 0-1: Ball 1-1: Ball 2-1: Foul Ball, location: 2F 2-2: Foul Ball, location: 2F 2-2: Ball 3-2: Foul Ball, location: 2F 3-2: Base on Balls
|
Batting: RHB Jose Nunez
|
Pickoff Throw to First - Out! 1-3 CS 0-0: Ball 1-0: Foul Ball, location: 2F 1-1: Called Strike 1-2: Ball 2-2: Strikes out swinging passed ball, reaches first!
|
Batting: RHB Pete Deschamps
|
0-0: Called Strike Balk! Jose Nunez to second 0-1: Ball 1-1: Fly out, F9 (Flyball, 89M, EV 96.9 MPH)
|
Batting: RHB Nick Cottrell
|
0-0: Called Strike 0-1: Swinging Strike 0-2: Strikes out looking
|
Top of the 2nd over - 0 runs, 0 hits, 0 errors, 1 left on base; Williamsport 0 - Rome 1 |
BOTTOM OF THE 2ND |
Rome Braves batting - Pitching for Williamsport Crosscutters : RHP Carlos Palacios
|
Batting: RHB Rafael Reyes
|
0-0: Ball 1-0: Foul Ball, location: 2F 1-1: Foul Ball, location: 2F 1-2: Strikes out looking
|
Batting: RHB Costantino Dolfini
|
0-0: Called Strike 0-1: Ball 1-1: Swinging Strike 1-2: Strikes out swinging
|
Batting: RHB Gebre-Giorgios Wangondu
|
0-0: Fly out, F7 (Flyball, 78M, EV 91.9 MPH)
|
Bottom of the 2nd over - 0 runs, 0 hits, 0 errors, 0 left on base; Williamsport 0 - Rome 1 |
TOP OF THE 3RD |
Williamsport Crosscutters batting - Pitching for Rome Braves : RHP Chris Hawkins
|
Batting: RHB Xavier Castellanos
|
0-0: SOLO HOME RUN (Flyball, 7D, EV 107.5 MPH), Distance : 399 ft
|
Batting: RHB Jason Ostrom
|
0-0: Swinging Strike 0-1: Ball 1-1: Ball 2-1: Swinging Strike 2-2: Ball 3-2: Strikes out looking
|
Batting: RHB John Manocchio
|
0-0: Called Strike 0-1: Ball 1-1: Ball 2-1: Foul Ball, location: 2F 2-2: Ball 3-2: Base on Balls
|
Batting: LHB Chris Moody
|
0-0: Ball 1-0: Ball 2-0: Ball 3-0: Base on Balls John Manocchio to second
|
Batting: SHB Nick Chandler
|
0-0: Called Strike 0-1: Ball 1-1: Called Strike 1-2: Strikes out swinging
|
Batting: RHB Shintaro Katsumata
|
0-0: Called Strike 0-1: Ball 1-1: Ball 2-1: Swinging Strike 2-2: Ball 3-2: Ground out 4-3 (Groundball, 4, EV 101.2 MPH)
|
Top of the 3rd over - 1 run, 1 hit, 0 errors, 2 left on base; Williamsport 1 - Rome 1 |
BOTTOM OF THE 3RD |
Rome Braves batting - Pitching for Williamsport Crosscutters : RHP Carlos Palacios
|
Batting: RHB Gerard Michel
|
0-0: Called Strike 0-1: Ball 1-1: Ground out U3 (Groundball, 3, EV 101.2 MPH)
|
Batting: RHB Alex Campos
|
0-0: Ball 1-0: Ball 2-0: Swinging Strike 2-1: Ball 3-1: Foul Ball, location: 2F 3-2: Foul Ball, location: 2F 3-2: Strikes out swinging
|
Batting: LHB Cesar Arteaga
|
0-0: Foul Ball, location: 2F 0-1: Swinging Strike 0-2: Ball 1-2: Fly out, F3 (Popup, 23F, EV 88.1 MPH)
|
Bottom of the 3rd over - 0 runs, 0 hits, 0 errors, 0 left on base; Williamsport 1 - Rome 1 |
TOP OF THE 4TH |
Williamsport Crosscutters batting - Pitching for Rome Braves : RHP Chris Hawkins
|
Pitching: LHP Gonnohyoe Hata
|
|
Batting: RHB Jose Nunez
|
0-0: Ball 1-0: Foul Ball, location: 2F 1-1: Foul Ball, location: 2F 1-2: Ball 2-2: Ball 3-2: Base on Balls
|
Batting: RHB Pete Deschamps
|
0-0: Ball 1-0: Called Strike 1-1: Ball 2-1: Ball 3-1: Swinging Strike 3-2: Foul Ball, location: 2F 3-2: Strikes out looking
|
Batting: RHB Nick Cottrell
|
0-0: Fly out, F9 (Flyball, 9LM, EV 96.2 MPH)
|
Batting: RHB Xavier Castellanos
|
0-0: Foul Ball, location: 2F 0-1: Ball Wild Pitch! Jose Nunez to second 1-1: Ball Balk! Jose Nunez to third 2-1: Ball 3-1: Base on Balls
|
Batting: RHB Jason Ostrom
|
0-0: Ball Passed Ball! Jose Nunez scores Xavier Castellanos to second 1-0: Ball 2-0: Called Strike 2-1: Called Strike 2-2: Foul Ball, location: 2F 2-2: Strikes out looking
|
Top of the 4th over - 1 run, 0 hits, 0 errors, 1 left on base; Williamsport 2 - Rome 1 |
BOTTOM OF THE 4TH |
Rome Braves batting - Pitching for Williamsport Crosscutters : RHP Carlos Palacios
|
Batting: RHB Chris Trites
|
0-0: Ball 1-0: SINGLE (Groundball, 6D, EV 98.8 MPH)
|
Batting: RHB Tim Molchan
|
0-0: Called Strike Chris Trites steals 2nd, throwing error, E2 Chris Trites to third 0-1: Ball 1-1: Ball 2-1: Ball 3-1: Ground out 5-3 (Groundball, 56S, EV 76.2 MPH) Chris Trites scores
|
Batting: SHB Karl Starnes
|
0-0: Called Strike 0-1: Fly out, F8 (Flyball, 8RD, EV 93.8 MPH)
|
Batting: RHB Rafael Reyes
|
0-0: Ball 1-0: Called Strike 1-1: Foul Ball, location: 2F 1-2: Strikes out swinging
|
Bottom of the 4th over - 1 run, 1 hit, 1 error, 0 left on base; Williamsport 2 - Rome 2 |
TOP OF THE 5TH |
Williamsport Crosscutters batting - Pitching for Rome Braves : LHP Gonnohyoe Hata
|
Batting: RHB John Manocchio
|
0-0: Called Strike 0-1: Ball 1-1: DOUBLE (Line Drive, 5D, EV 101.9 MPH)
|
Batting: LHB Chris Moody
|
0-0: Called Strike 0-1: Ball 1-1: Ball 2-1: Foul Ball, location: 2F 2-2: Foul Ball, location: 2F 2-2: SINGLE (Flyball, 34D, EV 93.8 MPH) John Manocchio to third
|
Batting: SHB Nick Chandler
|
0-0: Ball 1-0: Called Strike 1-1: Ball 2-1: Ball 3-1: Foul Ball, location: 2F 3-2: Foul Ball, location: 2F 3-2: SINGLE (Groundball, 6MD, EV 95.0 MPH) John Manocchio scores Chris Moody to second Runner from 2nd tries for 3rd, SAFE, throw by CF made to third
|
Batting: RHB Shintaro Katsumata
|
0-0: Called Strike 0-1: Swinging Strike 0-2: Ball 1-2: Ball 2-2: Ball 3-2: Strikes out swinging
|
Batting: RHB Jose Nunez
|
0-0: Called Strike 0-1: Swinging Strike 0-2: Strikes out swinging
|
Batting: RHB Pete Deschamps
|
0-0: Called Strike 0-1: Called Strike 0-2: Ball 1-2: Ball 2-2: Ball 3-2: Foul Ball, location: 2F 3-2: Ground out 5-3 (Groundball, 5, EV 91.9 MPH)
|
Top of the 5th over - 1 run, 3 hits, 0 errors, 2 left on base; Williamsport 3 - Rome 2 |
BOTTOM OF THE 5TH |
Rome Braves batting - Pitching for Williamsport Crosscutters : RHP Carlos Palacios
|
Batting: RHB Costantino Dolfini
|
0-0: Ball 1-0: Foul Ball, location: 2F 1-1: SINGLE (Groundball, 56S, EV 65.6 MPH) (infield hit)
|
Batting: RHB Gebre-Giorgios Wangondu
|
0-0: Called Strike Costantino Dolfini steals 2nd base 0-1: Ball 1-1: Swinging Strike 1-2: Ball 2-2: Foul Ball, location: 2F 2-2: Foul Ball, location: 2F 2-2: Fly out, F6 (Popup, 6MS, EV 71.2 MPH)
|
Batting: RHB Gerard Michel
|
0-0: Ball 1-0: Called Strike 1-1: Called Strike 1-2: SINGLE (Line Drive, 7LS, EV 98.1 MPH) Costantino Dolfini to third
|
Batting: RHB Alex Campos
|
0-0: Ball 1-0: Foul Ball, location: 2F 1-1: Swinging Strike 1-2: Ball 2-2: Fielders Choice at 2nd, 5-4 (Groundball, 56, EV 82.5 MPH) Costantino Dolfini scores
|
Now at 2B: Shintaro Katsumata
|
|
Now at SS: Leon Edwards
|
|
Batting: LHB Cesar Arteaga
|
0-0: Ball 1-0: Foul Ball, location: 2F 1-1: Ball Alex Campos steals 2nd base 2-1: Fly out, F5 (Popup, 5F, EV 78.8 MPH)
|
Bottom of the 5th over - 1 run, 2 hits, 0 errors, 1 left on base; Williamsport 3 - Rome 3 |
TOP OF THE 6TH |
Williamsport Crosscutters batting - Pitching for Rome Braves : LHP Gonnohyoe Hata
|
Pitching: RHP Armando Padron
|
|
Batting: RHB Leon Edwards
|
0-0: Ball 1-0: Called Strike 1-1: Ball 2-1: Swinging Strike 2-2: Ball 3-2: Base on Balls
|
Batting: RHB Xavier Castellanos
|
0-0: Ball 1-0: Ball 2-0: Foul Ball, location: 2F 2-1: Called Strike 2-2: SINGLE (Groundball, 6M, EV 95.6 MPH) (infield hit) Leon Edwards to second
|
Batting: RHB Jason Ostrom
|
0-0: Called Strike 0-1: Ball 1-1: Swinging Strike 1-2: Ball 2-2: Foul Ball, location: 2F 2-2: Foul Ball, location: 2F 2-2: Strikes out swinging
|
Batting: RHB John Manocchio
|
0-0: Ball 1-0: Called Strike 1-1: Fly out, F5 (Popup, 6S, EV 76.2 MPH)
|
Batting: LHB Chris Moody
|
0-0: SINGLE (Groundball, 5D, EV 108.8 MPH) Leon Edwards to third Xavier Castellanos to second Runner from 3rd tries for Home, SAFE, throw by LF to home
|
Batting: SHB Nick Chandler
|
0-0: Ball 1-0: Ball 2-0: Ball 3-0: Called Strike 3-1: Called Strike 3-2: Strikes out swinging
|
Top of the 6th over - 1 run, 2 hits, 0 errors, 2 left on base; Williamsport 4 - Rome 3 |
BOTTOM OF THE 6TH |
Rome Braves batting - Pitching for Williamsport Crosscutters : RHP Carlos Palacios
|
Batting: RHB Chris Trites
|
0-0: Called Strike 0-1: Ground out 5-3 (Groundball, 56, EV 90.0 MPH)
|
Batting: RHB Tim Molchan
|
0-0: Ball 1-0: Swinging Strike 1-1: Foul Ball, location: 2F 1-2: Ball 2-2: Strikes out swinging
|
Batting: SHB Karl Starnes
|
0-0: Called Strike 0-1: Called Strike 0-2: Ground out U3 (Groundball, 3, EV 87.5 MPH)
|
Bottom of the 6th over - 0 runs, 0 hits, 0 errors, 0 left on base; Williamsport 4 - Rome 3 |
TOP OF THE 7TH |
Williamsport Crosscutters batting - Pitching for Rome Braves : RHP Armando Padron
|
Batting: RHB Shintaro Katsumata
|
0-0: Ball 1-0: Swinging Strike 1-1: Ball 2-1: Foul Ball, location: 2F 2-2: DOUBLE (Line Drive, 9LM, EV 108.8 MPH)
|
Batting: RHB Jose Nunez
|
0-0: Called Strike 0-1: Called Strike 0-2: Strikes out swinging
|
Pitching: RHP Bobby Feig
|
|
Batting: RHB Pete Deschamps
|
0-0: Foul Ball, location: 2F 0-1: Swinging Strike 0-2: Ball 1-2: Ball 2-2: Foul Ball, location: 2F 2-2: Strikes out looking
|
Batting: RHB Leon Edwards
|
0-0: Ball 1-0: Fly out, F7 (Line Drive, 78M, EV 88.8 MPH)
|
Top of the 7th over - 0 runs, 1 hit, 0 errors, 1 left on base; Williamsport 4 - Rome 3 |
BOTTOM OF THE 7TH |
Rome Braves batting - Pitching for Williamsport Crosscutters : RHP Carlos Palacios
|
Batting: RHB Rafael Reyes
|
0-0: Ball 1-0: Foul Ball, location: 2F 1-1: TRIPLE (Flyball, 9LD, EV 96.2 MPH)
|
Pinch Hitting: LHB Tamaichi Sasada
|
0-0: Ball 1-0: Fly out, F8 (Line Drive, 8LD, EV 90.0 MPH) Runner from 3rd tags up, SCORES, throw by CF
|
Batting: RHB Gebre-Giorgios Wangondu
|
0-0: Ball 1-0: Ball 2-0: Ball 3-0: Called Strike 3-1: Fly out, F9 (Flyball, 89S, EV 94.4 MPH)
|
Batting: RHB Gerard Michel
|
0-0: Ball 1-0: Called Strike 1-1: Fly out, F7 (Flyball, 7S, EV 81.9 MPH)
|
Bottom of the 7th over - 1 run, 1 hit, 0 errors, 0 left on base; Williamsport 4 - Rome 4 |
TOP OF THE 8TH |
Williamsport Crosscutters batting - Pitching for Rome Braves : RHP Bobby Feig
|
Now in CF: Ricardo Sandoval
|
|
Batting: RHB Xavier Castellanos
|
0-0: Called Strike 0-1: Foul Ball, location: 2F 0-2: Ball 1-2: Strikes out swinging
|
Pinch Hitting: SHB Art Kent
|
0-0: Ball 1-0: Swinging Strike 1-1: Called Strike 1-2: Ball 2-2: Ball 3-2: Foul Ball, location: 2F 3-2: Base on Balls
|
Batting: RHB John Manocchio
|
Pickoff Throw to First - Out! 1-3 0-0: Swinging Strike 0-1: Foul Ball, location: 2F 0-2: Ball 1-2: Ball 2-2: Ball 3-2: Fly out, F8 (Flyball, 8RXD, EV 94.4 MPH)
|
Top of the 8th over - 0 runs, 0 hits, 0 errors, 0 left on base; Williamsport 4 - Rome 4 |
BOTTOM OF THE 8TH |
Rome Braves batting - Pitching for Williamsport Crosscutters : RHP Carlos Palacios
|
Now in RF: Art Kent
|
|
Batting: RHB Alex Campos
|
0-0: Called Strike 0-1: Swinging Strike 0-2: Ball 1-2: Strikes out swinging
|
Pitching: LHP Chad Mroczkowski
|
|
Pinch Hitting: RHB Nate Taylor
|
0-0: Called Strike 0-1: Called Strike 0-2: Strikes out swinging
|
Pitching: RHP Lance Brisson
|
|
Batting: RHB Chris Trites
|
0-0: Ball 1-0: Ball 2-0: Ball 3-0: Foul Ball, location: 2F 3-1: Foul Ball, location: 2F 3-2: Strikes out swinging passed ball, reaches first!
|
Batting: RHB Tim Molchan
|
0-0: Ball Chris Trites steals 2nd base 1-0: Ball 2-0: Called Strike 2-1: Called Strike 2-2: Ball 3-2: Foul Ball, location: 2F 3-2: Foul Ball, location: 2F 3-2: Base on Balls
|
Batting: SHB Karl Starnes
|
0-0: Ball 1-0: Called Strike 1-1: Ball 2-1: Ball Wild Pitch! Chris Trites to third Tim Molchan to second 3-1: Called Strike 3-2: Base on Balls
|
Batting: RHB Rafael Reyes
|
0-0: Ball Passed Ball! Chris Trites scores Tim Molchan to third Karl Starnes to second 1-0: Ball 2-0: Called Strike 2-1: Swinging Strike 2-2: DOUBLE (Line Drive, 89D, EV 107.5 MPH) Tim Molchan scores Karl Starnes scores
|
Pitching: RHP David Deon
|
|
Batting: LHB Ricardo Sandoval
|
0-0: Ball 1-0: Swinging Strike 1-1: Ball 2-1: SINGLE (Line Drive, 7S, EV 96.9 MPH) Rafael Reyes to third Runner from 3rd tries for Home, SAFE, throw by LF to home
|
Batting: RHB Gebre-Giorgios Wangondu
|
0-0: Foul Ball, location: 2F 0-1: Ball Ricardo Sandoval is caught stealing 2nd base 2-4
|
Bottom of the 8th over - 4 runs, 2 hits, 0 errors, 0 left on base; Williamsport 4 - Rome 8 |
TOP OF THE 9TH |
Williamsport Crosscutters batting - Pitching for Rome Braves : RHP Bobby Feig
|
Now at 1B: Karl Starnes
|
|
Now at 3B: Gerard Michel
|
|
Now at SS: Nate Taylor
|
|
Batting: LHB Chris Moody
|
0-0: Ball 1-0: Foul Ball, location: 2F 1-1: Called Strike 1-2: Strikes out swinging
|
Batting: SHB Nick Chandler
|
0-0: Ball 1-0: Called Strike 1-1: Ball 2-1: SINGLE (Groundball, 34D, EV 101.9 MPH)
|
Pitching: RHP Wami Benthami
|
|
Batting: RHB Shintaro Katsumata
|
0-0: Called Strike 0-1: Ball 1-1: Swinging Strike 1-2: Strikes out swinging
|
Batting: RHB Jose Nunez
|
0-0: Fly out, F7 (Line Drive, 7D, EV 88.1 MPH)
|
Top of the 9th over - 0 runs, 1 hit, 0 errors, 1 left on base; Williamsport 4 - Rome 8 |
|